Map: Dead of Night

Players

Josuel

  • Race: Protoss Protoss
  • Spawn Location: 0:00

peepeepoopoo

  • Race: Zerg Zerg

VOD

Have the link to the VOD?

Description

Time

  • Played on: May 25, 2026, 10:31 a.m.
  • Length: 5:30
Show
View Real Time Build Order
Export as new Build Order

Josuel Protoss 

Build Orders:  

Get SALT Encoding   

  12  0:21  Probe (Chrono Boost)  
  13  0:31  Probe (Chrono Boost)  
  14  0:40  Probe (Chrono Boost)  
  14  0:47  Pylon  
  15  0:53  Probe (Chrono Boost)  
  16  1:03  Probe (Chrono Boost)  
  17  1:12  Probe (Chrono Boost)  
  18  1:22  Probe (Chrono Boost)  
  18  1:28  Forge  
  19  1:32  Probe (Chrono Boost)  
  19  1:39  Gateway  
  20  1:48  Pylon  
  20  1:53  Probe (Chrono Boost)  
  21  2:02  Assimilator, Probe (Chrono Boost)  
  22  2:10  Assimilator  
  22  2:12  Probe (Chrono Boost)  
  22  2:19  Assimilator  
  23  2:22  Probe (Chrono Boost)  
  24  2:31  Probe (Chrono Boost)  
  25  2:41  Probe (Chrono Boost)  
  26  2:51  Probe (Chrono Boost)  
  27  3:06  Probe (Chrono Boost)  
  27  3:09  Cybernetics Core  
  28  3:22  Probe (Chrono Boost)  
  29  3:31  Probe (Chrono Boost)  
  30  3:41  Probe (Chrono Boost)  
  31  3:54  Warp Gate  
  31  4:04  Pylon  
  31  4:05  Probe (Chrono Boost)  
  32  4:15  Probe (Chrono Boost)  
  33  4:24  Probe (Chrono Boost)  
  34  4:34  Probe (Chrono Boost)  
  17  5:12  Probe (Chrono Boost)  
Show
View Real Time Build Order
Export as new Build Order

peepeepoopoo Zerg 

Build Orders:  

Get SALT Encoding   

  18  0:03  Primal Drone  
  19  0:17  Primal Drone x2  
  21  0:31  Primal Drone  
  21  0:36  Extractor  
  22  1:05  Primal Warden  
  23  1:12  Primal Drone  
  23  1:14  Extractor x2  
  24  1:28  Primal Drone x2  
  26  1:35  Primal Drone  
  27  1:41  Primal Drone  
  27  1:44  Primal Drone  
  29  1:57  Primal Drone  
  30  2:06  Primal Drone  
  31  2:29  Glevig's Den  
  30  2:33  Primal Drone  
  30  2:38  Primal Drone  
  32  3:19  Primal Drone  
  33  3:28  Primal Drone  
  34  3:51  Primal Drone  
Tags
 
Add a new tag
Caveats
  • Supply blocks, unpowered buildings, or Contaminate may cause inaccurate times.
  • Supply counts are checked every 10 seconds.